[Event "Torneo Nuevo Centro. Jornada 10"]
[Site "Chess.com"]
[Date "2020.08.21"]
[Round "6"]
[White "Aymerich Rosell, Pablo"]
[Black "Sampedro Roig, Josep Francesc"]
[Result "1-0"]
[WhiteElo "1982"]
[BlackElo "1828"]
[TimeControl "180+2"]
[EndTime "11:32:32 PDT"]
[Termination "Victoria de jasikevic por abandono"]

1. e4 Nf6 2. e5 Nd5 3. d4 d6 4. c4 Nb6 5. exd6 cxd6 6. Nc3 g6 7.
Be3 Bg7 8. Rc1 O-O 9. b3 Nc6 10. d5 e5 11. dxc6 bxc6 12. c5 Nd5 13. Nxd5 cxd5 14.
Qxd5 Rb8 15. Qxd6 Qa5+ 16. Qd2 Qa3 17. Bc4 Bf5 18. Nf3 Rfd8 19. Qe2 Kh8 20. O-O e4 21.
Ng5 1

[Event "Torneo Nuevo Centro. Jornada 10"]
[Site "Chess.com"]
[Date "2020.08.21"]
[Round "6"]
[White "Donate Peris, Jose Manuel"]
[Black "Méndez Giménez , Néstor Emmanuel"]
[Result "1-0"]
[WhiteElo "1535"]
[BlackElo "1235"]
[TimeControl "180+2"]
[EndTime "11:32:43 PDT"]
[Termination "Victoria de cheryme por jaque mate"]

1. d4 e6 2. e4 d5 3. e5 Nc6 4. c3 b6 5. f4 Bb7 6. Nf3 f6 7. Bd3 fxe5 8. fxe5 Be7 9. O-O Na5 10. Na3 c5 11.
dxc5 Bxc5+ 12. Kh1 d4 13. cxd4 Bxd4 14. Qa4+ Nc6 15. Bb5 Qd7 16. Bxc6 Bxc6 17. Qxd4 Bxf3 18. Qxd7+ Kxd7 19. Rxf3 Nh6 20. Bxh6 gxh6 21. Rd1+ Kc6 22. Rc3+ Kb7 23. Nc4 Rad8 24. Nd6+ Ka6 25. Ra3# 1

[Event "Torneo Nuevo Centro. Jornada 10"]
[Site "Chess.com"]
[Date "2020.08.21"]
[Round "6"]
[White "Ursariu, Nikolas Victor"]
[Black "Alvarez Usina, Jordi"]
[Result "1-0"]
[WhiteElo "1143"]
[BlackElo "1274"]
[TimeControl "180+2"]
[EndTime "11:32:44 PDT"]
[Termination "Victoria de NikolasVictor por abandono"]

1. e4 e5 2. Nf3 Nf6 3. Nxe5 Bc5 4. Nc3 d6 5. Nf3 Ng4 6. Qe2 Bxf2+ 7. Kd1 Bc5 8. d4 Bb6 9. Bf4 O-O 10. Qe1 Qf6 11. Qg3 h6 12. h3 1

[Event "Torneo Nuevo Centro. Jornada 10"]
[Site "Chess.com"]
[Date "2020.08.21"]
[Round "6"]
[White "Gukasov, Artem"]
[Black "Hassomal Daswani, Birjkumar"]
[Result "0-1"]
[WhiteElo "1455"]
[BlackElo "1807"]
[TimeControl "180+2"]
[EndTime "11:32:51 PDT"]
[Termination "Victoria de daz000007 por abandono"]

1. e4 c5 2. Nf3 e6 3. d4 cxd4 4. Nxd4 Bc5 5. Be3 Qb6 6. b3 Nc6 7. c3 Nf6 8. f3 e5 9. Nf5 Bxe3 10. Nd6+ Kf8 11. Qd3 Bf2+ 12. Ke2 Bc5 13. b4 Bxd6 14. Qxd6+ Kg8 15. g4 Nd4+ 16. cxd4 Qxd6 0

[Event "Torneo Nuevo Centro. Jornada 10"]
[Site "Chess.com"]
[Date "2020.08.21"]
[Round "6"]
[White "Hernández Tomás, Efrén"]
[Black "Rabbani Perez, Oumaima "]
[Result "1-0"]
[WhiteElo "1107"]
[BlackElo "718"]
[TimeControl "180+2"]
[EndTime "11:33:21 PDT"]
[Termination "Victoria de EfrenHT10 por jaque mate"]

1. e4 e6 2. Nf3 Nf6 3. e5 Ng4 4. h3 Nh6 5. d3 Nf5 6. d4 Bb4+ 7. c3 Be7 8. Bd3 O-O 9. Bxf5 exf5 10. Qd3 g6 11. O-O d6 12. Bh6 Re8 13. exd6 Bxd6 14. Ng5 Qe7 15. Nd2 c6 16. Rae1 Bc7 17. Rxe7 Rxe7 18. Ndf3 Be6 19. Nxe6 Rxe6 20. d5 Re8 21.
Qd4 Bb6 22. Qg7# 1

[Event "Torneo Nuevo Centro. Jornada 10"]
[Site "Chess.com"]
[Date "2020.08.21"]
[Round "6"]
[White "Yuste Valenzuela, Alejandro"]
[Black "Blanco Solaz, Ramón"]
[Result "0-1"]
[WhiteElo "1874"]
[BlackElo "2004"]
[TimeControl "180+2"]
[EndTime "11:33:31 PDT"]
[Termination "Victoria de Rbs77 por abandono"]

1. e4 c5 2. Nf3 g6 3. d4 cxd4 4. Nxd4 Nc6 5. Nc3 Bg7 6. Be3 Nf6 7. Bc4 O-O 8. Bb3 a5 9. f3 d5 10. exd5 Nb4 11. Qd2 Nbxd5 12. Nxd5 Nxd5 13. Bxd5 Qxd5 14. O-O-O Qxa2 15. Qd3 Bf5 16. Qb3 Qxb3 17. Nxb3 Rfc8 18. c3 a4 19. Nc5 a3 20. Nxb7 axb2+ 21. Kxb2 Rab8 22. Bd4 Rxb7+ 23. Kc1 Bxd4 24. Rxd4 Rb1+ 25. Kd2 Rxh1 0

[Event "Torneo Nuevo Centro. Jornada 10"]
[Site "Chess.com"]
[Date "2020.08.21"]
[Round "6"]
[White "Nadal Fajardo, Ricard"]
[Black "Cantero Navarro, Antonio"]
[Result "1-0"]
[WhiteElo "2221"]
[BlackElo "1945"]
[TimeControl "180+2"]
[EndTime "11:34:03 PDT"]
[Termination "Victoria de gomokuniano por abandono"]

1. Nf3 Nf6 2. b3 b6 3. Bb2 Bb7 4. d3 e6 5. g3 Be7 6. Bg2 O-O 7. O-O d6 8. e4 Nbd7 9. Nbd2 a5 10. a3 c5 11. a4 d5 12. Re1 dxe4 13. dxe4 e5 14. Nxe5 Nxe5 15. Bxe5 Qd7 16. Nc4 Qe6 17. Qe2 Ng4 18.
Bh3 f5 19. exf5 Qd6 20. Bxd6 1

[Event "Torneo Nuevo Centro. Jornada 10"]
[Site "Chess.com"]
[Date "2020.08.21"]
[Round "6"]
[White "Rausell Taberner, Diego"]
[Black "Ortiz Benavent, Alba"]
[Result "0-1"]
[WhiteElo "671"]
[BlackElo "1208"]
[TimeControl "180+2"]
[EndTime "11:34:37 PDT"]
[Termination "Victoria de or20 por jaque mate"]

1. e4 e5 2. Nf3 Nc6 3. Nc3 Bc5 4. Bc4 d6 5. d3 Nf6 6. Ng5 O-O 7. O-O h6 8. Nf3 Nd4 9. Nb5 Nxb5 10. Bxb5 Bd7 11. Bd2 Bxb5 12. Ba5 Bb6 13. Bb4 Bc5 14. Ba5 Bb6 15. Bb4 Re8 16. b3 a5 17. Ba3 Bc5 18. Bb2 Ng4 19. h3 Nxf2 20. Qd2 Qf6 21. Kh2 Qf4+ 22. Kg1 Qxd2 23. Bc1 Ng4+ 24. Rf2 Bxf2+ 25.
Kh1 Qd1+ 26. Ne1 Qxe1# 0

[Event "Torneo Nuevo Centro. Jornada 10"]
[Site "Chess.com"]
[Date "2020.08.21"]
[Round "6"]
[White "Bosch Jordà, Ricard"]
[Black "Ledezma Fortes, Jose Manuel"]
[Result "1-0"]
[WhiteElo "1943"]
[BlackElo "1789"]
[TimeControl "180+2"]
[EndTime "11:35:10 PDT"]
[Termination "Victoria de UltimateLimo por abandono"]

1. e4 c6 2. d4 h6 3. Nf3 d5 4.
exd5 cxd5 5. Bd3 Nf6 6. h3 Nc6 7. c3 Bd7 8. O-O e6 9. Re1 Be7 10. Bf4 Rc8 11. Nbd2 g5 12. Bh2 Qb6 13. Rb1 Rg8 14. Ne5 Nxe5 15. dxe5 Bc5 16. exf6 Bxf2+ 17. Kh1 Bxe1 18. Qxe1 h5 19. Qe5 Qf2 20. Bh7 Rh8 21.
Qxg5 Kd8 22. Nf3 Be8 23. Bd3 Rc5 24. Bg1 Qg3 25. Qxg3 1

[Event "Torneo Nuevo Centro. Jornada 10"]
[Site "Chess.com"]
[Date "2020.08.21"]
[Round "6"]
[White "Mellado Sais, Carles"]
[Black "Mangues Rubia, Alex"]
[Result "0-1"]
[WhiteElo "1395"]
[BlackElo "1556"]
[TimeControl "180+2"]
[EndTime "11:35:11 PDT"]
[Termination "Victoria de Rexher73 por abandono"]

1. d4 d5 2. Nf3 Nf6 3. c4 c6 4. Nc3 g6 5. e3 Bg7 6. Bd3 O-O 7.
O-O Bg4 8. h3 Bxf3 9. Qxf3 e6 10. Re1 Nbd7 11. b3 Re8 12. Bb2 Qe7 13. e4 Nxe4 14. Nxe4 dxe4 15. Bxe4 Rad8 16. Rad1 Nc5 17.
dxc5 Bxb2 18. Qe3 Ba3 19. Rxd8 Rxd8 20. f4 Bxc5 21. Qxc5 Qxc5+ 22. Kh2 Rd2 23. Rg1 Qf2 24.
Rc1 Qxf4+ 25. Kh1 Qxe4 26. Rg1 0

[Event "Torneo Nuevo Centro. Jornada 10"]
[Site "Chess.com"]
[Date "2020.08.21"]
[Round "6"]
[White "Cebolla Ruiz, David"]
[Black "Polikarpov, Anton"]
[Result "1-0"]
[WhiteElo "1549"]
[BlackElo "1264"]
[TimeControl "180+2"]
[EndTime "11:35:14 PDT"]
[Termination "Victoria de Dabelcebolla por abandono"]

1. e4 e5 2. Nf3 Nc6 3. Bb5 d6 4.
Bxc6+ bxc6 5. d4 Bg4 6. dxe5 Qe7 7. exd6 Qxe4+ 8. Qe2 Bxf3 9. gxf3 Qxe2+ 10. Kxe2 cxd6 11. Bf4 g6 12. Nc3 Bg7 13. Bxd6 Nf6 14. Be5 O-O 15. Ne4 Nxe4 16. Bxg7 Kxg7 17. fxe4 Rae8 18. f3 f5 19. Kd3 fxe4+ 20. fxe4 Rf3+ 21. Ke2 Rf4 22. Kd3 Rfxe4 23. Rad1 Kf6 24. Rhf1+ Kg7 25. Kd2 Re2+ 26.
Kc3 R2e3+ 27. Rd3 Re2 28. h3 a6 29. Rd7+ Kh6 30. Rff7 R2e3+ 31. Rd3 R3e7 32. Rd7 Re3+ 33.
Rd3 R3e7 34. Rf6 Re6 35. Rxe6 Re7 36. Rxe7 1

[Event "Torneo Nuevo Centro. Jornada 10"]
[Site "Chess.com"]
[Date "2020.08.21"]
[Round "6"]
[White "Roca Cruz, Rafael"]
[Black "Garrido Silos, Pablo"]
[Result "1-0"]
[WhiteElo "1822"]
[BlackElo "1454"]
[TimeControl "180+2"]
[EndTime "11:35:28 PDT"]
[Termination "Victoria de RafaRocaCruz por jaque mate"]

1. d4 Nf6 2. c4 g6 3. Nc3 Bg7 4.
e4 c6 5. f3 d6 6. Bg5 O-O 7. Qd2 Nbd7 8. Bd3 e5 9. d5 c5 10.
Nge2 a6 11. g4 Qc7 12. Bh6 Re8 13. Bxg7 Kxg7 14. h4 h6 15. Ng3 Nb6 16. g5 hxg5 17. hxg5 Nh7 18. O-O-O Qe7 19. Rxh7+ Kxh7 20. Qh2+ Kg7 21.
Qh6+ Kg8 22. Rh1 f6 23. Qh8+ Kf7 24. Rh7# 1

[Event "Torneo Nuevo Centro. Jornada 10"]
[Site "Chess.com"]
[Date "2020.08.21"]
[Round "6"]
[White "Camison Zornoza, Cesar"]
[Black "Castellano López, Javier"]
[Result "0-1"]
[WhiteElo "1788"]
[BlackElo "1905"]
[TimeControl "180+2"]
[EndTime "11:35:45 PDT"]
[Termination "Victoria de its_xavi_official por abandono"]

1. e4 d5 2. e5 Bf5 3. d4 e6 4.
Bd3 Bxd3 5. Qxd3 c5 6. c3 Nc6 7. a3 Nge7 8. Nf3 Nf5 9. O-O h5 10. b4 cxd4 11. cxd4 Qb6 12. Be3 Be7 13. Nc3 a6 14.
Na4 Qb5 15. Qxb5 axb5 16. Nc5 Bxc5 17. bxc5 Ra5 18. Rfb1 Kd7 19. h3 Rha8 20. Rb3 b4 21.
Rab1 Rxa3 22. Rxb4 Nxb4 23. Rxb4 Nxe3 24. fxe3 R8a7 25.
Ng5 f6 26. exf6 gxf6 27. Nf3 Rxe3 28. Kf2 Rea3 29. Kg3 e5 30. dxe5 fxe5 31. Kh4 R3a4 32. Rxa4 Rxa4+ 33. Kxh5 Ke6 34. g4 e4 35. Ng5+ Kf6 36.
Nh7+ Kg7 37. Ng5 e3 38. Nf3 e2 39. g5 Ra3 40. Ne1 Rxh3+ 41. Kg4 Rh1 42. Nf3 e1=Q 43. Nxe1 Rxe1 0

[Event "Torneo Nuevo Centro. Jornada 10"]
[Site "Chess.com"]
[Date "2020.08.21"]
[Round "6"]
[White "Iravedra Ainkov, Francisco"]
[Black "Mancebo Ibanez, Fernando"]
[Result "1-0"]
[WhiteElo "1827"]
[BlackElo "2086"]
[TimeControl "180+2"]
[EndTime "11:36:06 PDT"]
[Termination "Victoria de frankeIpro por tiempo"]

1. e4 c6 2. Nf3 d5 3. Nc3 dxe4 4. Nxe4 Nf6 5. Nxf6+ exf6 6. Bc4 Bd6 7. d4 O-O 8. O-O Bg4 9. c3 Nd7 10. Be3 b5 11. Bb3 Re8 12. h3 Bh5 13. g4 Bg6 14. Qd2 Nb6 15. a4 bxa4 16. Bxa4 Nc4 17. Qc1 Be4 18.
Nd2 Nxd2 19. Qxd2 f5 20. Bc2 Qh4 21. Bxe4 Rxe4 22. f3 Qg3+ 23. Kh1 Qxh3+ 24. Kg1 Qg3+ 25. Kh1 Rxe3 26. Rf2 Qh3+ 27. Kg1 Rae8 28. Raf1 fxg4 29. fxg4 Qxg4+ 30. Rg2 Qxg2+ 31. Qxg2 R3e6 32. Rf5 Rg6 33. Rg5 1

[Event "Torneo Nuevo Centro. Jornada 10"]
[Site "Chess.com"]
[Date "2020.08.21"]
[Round "6"]
[White "Birnoveanu, Petru"]
[Black "De Nacimiento Montano, Antonio"]
[Result "0-1"]
[WhiteElo "1720"]
[BlackElo "1856"]
[TimeControl "180+2"]
[EndTime "11:36:20 PDT"]
[Termination "Victoria de Twitch_adn4815 por abandono"]

1. e4 c5 2. c4 e5 3. Nc3 Nc6 4. d3 g6 5. f4 d6 6. Nf3 Bg7 7. fxe5 dxe5 8. Nd5 Be6 9. Be3 Nd4 10. Be2 Ne7 11. O-O O-O 12. Qd2 Nec6 13. Bh6 Nxe2+ 14. Kh1 Ned4 15. Bxg7 Kxg7 16. Nxd4 Nxd4 17.
Nf6 h6 18. h4 Nc6 19. h5 Ne7 20. hxg6 fxg6 21. Qf2 Ng8 22. Qg3 Nxf6 23. Qxe5 Qe7 24. Rf3 Kh7 25. Rh3 Rae8 26. Qg5 Bxh3 0

[Event "Torneo Nuevo Centro. Jornada 10"]
[Site "Chess.com"]
[Date "2020.08.21"]
[Round "6"]
[White "Valverde Alcaide, Miguel Alejandro"]
[Black "Pardo Ruiz, Beatriz"]
[Result "1-0"]
[WhiteElo "910"]
[BlackElo "1288"]
[TimeControl "180+2"]
[EndTime "11:36:52 PDT"]
[Termination "Victoria de mentafurterei por tiempo"]

1. e4 e5 2. d4 exd4 3. Qxd4 Nc6 4.
Qc3 Bb4 5. Qxb4 Nxb4 6. Kd2 Nf6 7. f3 d5 8. c3 dxe4+ 9. Ke2 Qd3+ 10. Ke1 Nc2+ 11.
Kf2 exf3 12. Bxd3 fxg2 13. Kxg2 Ne1+ 14. Kf1 Nxd3 15. Bg5 Ne4 16. Be3 O-O 17. h4 Nxb2 18.
Rh2 Nd3 19. Nd2 Nxd2+ 20. Bxd2 Re8 21. Nf3 Re6 22. h5 Rf6 23. Kg2 Bd7 24. Ng5 Rf2+ 25.
Kh1 Bc6+ 26. Kg1 Rxh2 27. Kxh2 Re8 28. Rg1 Re2+ 29. Kh3 Rxd2 30. h6 gxh6 31. Ne4+ Kh8 32. Nxd2 Nf2+ 33. Kh4 Bd5 34. Rf1 Ne4 35. Rf5 1

[Event "Torneo Nuevo Centro. Jornada 10"]
[Site "Chess.com"]
[Date "2020.08.21"]
[Round "6"]
[White "Bendayán Claros, Aaron"]
[Black "Gómez Alonso, Óscar"]
[Result "1-0"]
[WhiteElo "1972"]
[BlackElo "1834"]
[TimeControl "180+2"]
[EndTime "11:37:06 PDT"]
[Termination "Victoria de Cuajada_Zero por abandono"]

1. e4 c5 2. Nc3 e6 3. Nf3 Qc7 4. Bc4 a6 5. a4 d6 6. O-O Nf6 7. Re1 Nc6 8. d3 Nd4 9. Nxd4 cxd4 10. Ne2 e5 11. Bb3 Be6 12. Bxe6 fxe6 13. f4 Be7 14. fxe5 dxe5 15. Bd2 O-O 16. c4 dxc3 17. Bxc3 Rad8 18. Ng3 Rd7 19. Qe2 Rfd8 20. Rad1 Qc6 21. a5 Qb5 22.
Nf1 Bb4 23. Bxb4 Qxb4 24. Rd2 Qxa5 25. Red1 Qb5 26. h3 a5 27. Kh2 Qc5 28. Ne3 b5 29. Nc2 a4 30. Ne3 Qb6 31. Nc2 b4 32. Ne3 a3 33.
bxa3 bxa3 34. Nc4 Qa6 35. Nxe5 Qd6 36. d4 Ra7 37. Kh1 Rda8 38. Ra2 Nd7 39. Nxd7 Qxd7 40.
d5 exd5 41. exd5 Qe7 42. Qc4 Qd6 43. Qd3 h6 44. Re1 Rd8 45. Re6 Qxd5 46. Re8+ Kf7 47. Rxd8 Qxa2 48. Qf5+ Ke7 49. Qf8+ Ke6 50. Qg8+ Kf5 51.
Qxa2 1

[Event "Torneo Nuevo Centro. Jornada 10"]
[Site "Chess.com"]
[Date "2020.08.21"]
[Round "6"]
[White "Sanchis Bon, Sergi"]
[Black "Grigorev, Artur "]
[Result "1-0"]
[WhiteElo "992"]
[BlackElo "921"]
[TimeControl "180+2"]
[EndTime "11:37:14 PDT"]
[Termination "Victoria de Sergi_2011 por tiempo"]

1. e4 e5 2. Nc3 Nf6 3. d3 Bc5 4. Nf3 Nc6 5. b3 O-O 6. g3 d6 7.
Bg2 Bg4 8. a3 Bxf3 9. Bxf3 Bd4 10.
Bd2 a5 11. O-O d5 12. Rb1 dxe4 13. dxe4 Bxc3 14. Bxc3 Qxd1 15. Rbxd1 a4 16. b4 b5 17. Rd2 Rfe8 18. Rfd1 Rac8 19. g4 Ne7 20. g5 Nxe4 21. Bxe4 c5 22. f3 cxb4 23. Bxb4 Nc6 24. Bf5 Rb8 25. Bd7 Red8 26. Bxc6 Rxd2 27. Rxd2 Rc8 28.
Bxb5 g6 29. Bxa4 h5 30. h4 1

[Event "Torneo Nuevo Centro. Jornada 10"]
[Site "Chess.com"]
[Date "2020.08.21"]
[Round "6"]
[White "Sos Andreu, Eric"]
[Black "Fenollar Jorda, Manolo"]
[Result "1-0"]
[WhiteElo "2526"]
[BlackElo "2482"]
[TimeControl "180+2"]
[EndTime "11:37:21 PDT"]
[Termination "Victoria de ericovski por abandono"]

1. c4 c6 2. e4 d5 3. exd5 cxd5 4. d4 Nc6 5. Nc3 Nf6 6. Bg5 e6 7. Nf3 Be7 8. cxd5 Nxd5 9. Bd2 O-O 10. Bd3 b6 11. O-O Bb7 12. Re1 Rc8 13. Rc1 Ndb4 14. Be4 Nd5 15. Nxd5 exd5 16. Bf5 Rc7 17. Bf4 Bd6 18.
Bg5 Be7 19. Be3 Bf6 20. Bf4 Re7 21. Ne5 Nxe5 22. dxe5 Rfe8 23. exf6 Rxe1+ 24. Qxe1 Rxe1+ 25. Rxe1 Bc6 26. Re7 gxf6 27. Rc7 Be8 28. Rxa7 d4 29. Bh6 d3 30. Ra3 d2 31. Rg3+ Kh8 32. Bg7+ Kg8 33. Bxf6+ Kf8 34. Bg7+ Ke7 35. Re3+ Kd6 36. Rd3+ Kc7 37. Rxd8 Kxd8 38. Bc2 Bb5 39. Bc3 1

[Event "Torneo Nuevo Centro. Jornada 10"]
[Site "Chess.com"]
[Date "2020.08.21"]
[Round "6"]
[White "Tormos Beltran, Maite"]
[Black "Carbonell Bofill, Carlos Eloy"]
[Result "0-1"]
[WhiteElo "1440"]
[BlackElo "1908"]
[TimeControl "180+2"]
[EndTime "11:37:33 PDT"]
[Termination "Victoria de MFCARLOS por abandono"]

1. d4 Nf6 2. c4 e5 3. Nc3 exd4 4. Qxd4 Nc6 5. Qd1 Bb4 6. Qc2 O-O 7. Nf3 d5 8. e3 Re8 9. Be2 d4 10. exd4 Nxd4 11. Nxd4 Qxd4 12. O-O Bxc3 13. bxc3 Qe5 14. Be3 Be6 15. Rae1 Rad8 16. Bd4 Qf4 17. Bf3 Bxc4 18. Rxe8+ Nxe8 19. Re1 Nd6 20. Be5 Qh6 21. Bxd6 Qxd6 22. Bxb7 c6 23. Qe4 Bxa2 24. Qxc6 Qxc6 25. Bxc6 g5 26.
h3 Rc8 27. Re8+ Rxe8 28. Bxe8 a5 29. Ba4 f5 30. Kf1 Bc4+ 31. Ke1 Kf7 32. Kd2 Ke6 33. Ke3 Ke5 34. g3 f4+ 35. gxf4+ gxf4+ 36. Kf3 h5 37. Be8 Bb3 38. Bxh5 Bd1+ 39. Kg2 Bxh5 0

[Event "Torneo Nuevo Centro. Jornada 10"]
[Site "Chess.com"]
[Date "2020.08.21"]
[Round "6"]
[White "Montesinos Diaz, Luis"]
[Black "Garcia, Jhoel"]
[Result "0-1"]
[WhiteElo "1874"]
[BlackElo "2400"]
[TimeControl "180+2"]
[EndTime "11:37:43 PDT"]
[Termination "Victoria de shoels por abandono"]

1. d4 d5 2. Nf3 c6 3. e3 Nf6 4. Bd3 Bg4 5. Nbd2 e6 6. b3 Bd6 7. Bb2 Nbd7 8. h3 Bh5 9. O-O O-O 10. c4 Qe7 11. Qc2 Rac8 12. Ne5 Bg6 13. Bxg6 hxg6 14. f4 c5 15. Qd3 cxd4 16. exd4 Bb4 17. Ndf3 Ne4 18.
a3 Bd6 19. Nxd7 Qxd7 20. Ne5 Qe7 21. a4 Rfd8 22. Rac1 f6 23. Nxg6 Qf7 24. Ne5 Qh5 25. Ng4 Qf5 26. c5 Bxf4 27. Rce1 Qg5 28. Qf3 e5 29. dxe5 fxe5 30. Nxe5 Bxe5 31. Qf7+ Kh8 32.
Rf5 Bxb2 33. Rxg5 Nxg5 34. Qh5+ Nh7 35. Re7 Bf6 36. Rxb7 d4 37. Qd1 d3 38. b4 a5 39.
Rb6 axb4 40. c6 d2 41. Rxb4 Rxc6 42. a5 Rc1 43. Rb1 Rxd1+ 44. Rxd1 0

[Event "Torneo Nuevo Centro. Jornada 10"]
[Site "Chess.com"]
[Date "2020.08.21"]
[Round "6"]
[White "Chernikov, Vladimir"]
[Black "Gil López, Alejandro"]
[Result "1-0"]
[WhiteElo "2221"]
[BlackElo "2207"]
[TimeControl "180+2"]
[EndTime "11:37:47 PDT"]
[Termination "Victoria de isla88 por tiempo"]

1. b3 c5 2. Bb2 Nc6 3. e3 Nf6 4. Nf3 e6 5. d4 cxd4 6. exd4 d5 7.
Bd3 Bd6 8. Nbd2 Nd7 9. O-O Qc7 10. h4 O-O 11. Bxh7+ Kxh7 12. Ng5+ Kg8 13. c4 Nf6 14. Qf3 dxc4 15. Nxc4 Bd7 16. Rac1 Bf4 17. Rc2 Bxg5 18. hxg5 Nd5 19. Ne5 Qd6 20. Ba3 Qxa3 21. Nxd7 Nxd4 22. Qg3 Nxc2 23. Nf6+ Nxf6 24. gxf6 g6 25.
Qh4 Rfd8 26. g4 Qf8 27. Kg2 Qd6 28. Qh6 Qf8 29. Qh4 Ne3+ 30. fxe3 Rd2+ 31. Kf3 Qd6 32. Qh6 Qd5+ 33. Kf4 e5+ 34. Kg5 e4+ 35. Rf5 Qxf5+ 36. gxf5 Rg2+ 37. Kf4 Rf2+ 38. Kg3 Rf3+ 39. Kg2 1

[Event "Torneo Nuevo Centro. Jornada 10"]
[Site "Chess.com"]
[Date "2020.08.21"]
[Round "6"]
[White "Valmaña Cantó, Jaime"]
[Black "Martínez Escandell, Alfonso"]
[Result "0-1"]
[WhiteElo "2352"]
[BlackElo "1888"]
[TimeControl "180+2"]
[EndTime "11:37:47 PDT"]
[Termination "Victoria de Alfonso10 por jaque mate"]

1. e4 c5 2. Nf3 e6 3. c3 Nc6 4. d4 cxd4 5. cxd4 d5 6. e5 Bd7 7. Nc3 Rc8 8. a3 Nge7 9. Bd3 Qb6 10. Ne2 Nf5 11. Bxf5 exf5 12. O-O Be7 13. Bg5 Bxg5 14.
Nxg5 Qxb2 15. Rb1 Qxa3 16. Rxb7 Nd8 17. Rb3 Qe7 18. Qd2 O-O 19. h4 f6 20. Nf3 fxe5 21.
dxe5 Be6 22. Nf4 d4 23. Rb4 Nc6 24. Ra4 Bb3 25. Raa1 Nxe5 26. Nxd4 Bc4 27. Rfe1 Qd6 28. Rxa7 Rcd8 29. Nh5 Nf7 30. Rd1 Qc5 31. Ra4 Bb3 32. Nxb3 Rxd2 33. Nxd2 Qc2 34. Raa1 Ne5 35. Rac1 Qa4 36.
Nf1 Qa8 37. Nf4 Ng4 38. Ng3 Qa7 39. Rd2 Qe7 40. h5 Qg5 41. Nge2 Qh4 42. g3 Qh2+ 43.
Kf1 Qxf2# 0

[Event "Torneo Nuevo Centro. Jornada 10"]
[Site "Chess.com"]
[Date "2020.08.21"]
[Round "6"]
[White "Gimenez Saiz, Jose Raul"]
[Black "Donate Moreno, Silvia"]
[Result "0-1"]
[WhiteElo "1880"]
[BlackElo "1834"]
[TimeControl "180+2"]
[EndTime "11:37:47 PDT"]
[Termination "Victoria de monetesSAL por tiempo"]

1. d4 Nf6 2. e3 g6 3. Bd3 Bg7 4.
f4 d6 5. Nf3 O-O 6. O-O Nbd7 7.
Nbd2 b6 8. e4 Bb7 9. e5 Ne8 10.
c3 c5 11. Nc4 d5 12. Ncd2 cxd4 13. Nxd4 e6 14. N2f3 Nc5 15. Bc2 Qc7 16. Qe2 Rc8 17.
Nb5 Qb8 18. a4 a6 19. Nbd4 Nc7 20. Kh1 Ne4 21. Ng5 Qa8 22. Nxe4 dxe4 23. Be3 Qb8 24. a5 bxa5 25. Rxa5 Nd5 26. Bxe4 Nxc3 27. bxc3 Bxe4 28. Bd2 Bb7 29. Rb1 Qc7 30. h3 Rfd8 31. Qe1 Qe7 32. Ra2 Bf8 33. Rab2 Bd5 34. Rb6 Qa7 35. Qe2 Bc4 36. Qf3 Bd5 37. Qe2 Rc4 38. Nc2 Bc5 39. Ne3 Re4 40. Qxa6 Qxa6 41. Rxa6 Bxe3 42. Bxe3 Rxe3 43. Rd6 Rc8 44. Kh2 Rexc3 0

[Event "Torneo Nuevo Centro. Jornada 10"]
[Site "Chess.com"]
[Date "2020.08.21"]
[Round "6"]
[White "Gracia Calvo, Andrés"]
[Black "Pedros Viudes, Santiago"]
[Result "0-1"]
[WhiteElo "1803"]
[BlackElo "1929"]
[TimeControl "180+2"]
[EndTime "11:37:53 PDT"]
[Termination "Victoria de ElGatoKamsky por abandono"]

1. d4 Nf6 2. Nf3 d5 3. Bf4 c5 4.
e3 Nc6 5. c3 Qb6 6. Qc1 cxd4 7.
exd4 Bf5 8. Nbd2 h6 9. h3 Rc8 10. Ne5 Nb4 11. Qd1 Nc2+ 12. Ke2 Nxa1 13. Qa4+ Bd7 14.
Qd1 Qxb2 15. Kf3 Qxc3+ 16. Be3 Nc2 17. Nxd7 Nxd4+ 18. Kg3 Nxd7 19. Qa4 Nf5+ 20. Kf3 Nxe3 21. fxe3 Qf6+ 22. Ke2 e6 23. g4 Bd6 24. Nf3 Qe7 25. Kf2 O-O 26. Bd3 Bc5 27. h4 e5 28.
Bf5 Rc7 29. g5 e4 30. Nd2 g6 31. Bxd7 Qxd7 32. Qb3 h5 33. Rc1 Rfc8 34. Rb1 Qh3 35. Nf1 Bb6 36. Qxd5 Rc2+ 37. Ke1 Qxh4+ 38. Kd1 Qg4+ 0

[Event "Torneo Nuevo Centro. Jornada 10"]
[Site "Chess.com"]
[Date "2020.08.21"]
[Round "6"]
[White "Conejero Martínez, Víctor"]
[Black "Beneyto de Ramon, Guillermo"]
[Result "0-1"]
[WhiteElo "1407"]
[BlackElo "1652"]
[TimeControl "180+2"]
[EndTime "11:37:55 PDT"]
[Termination "Victoria de GUILLETE por tiempo"]

1. d4 d5 2. c4 e6 3. Nc3 c6 4. Bf4 dxc4 5. e3 b5 6. a4 Bb4 7. axb5 cxb5 8. Bxb8 Rxb8 9. Rxa7 Bb7 10. Nf3 Nf6 11.
Be2 O-O 12. O-O Bxc3 13. bxc3 Ne4 14. Qc2 Qb6 15. Ra2 Nf6 16. Rb2 Be4 17. Qd2 Bd5 18. Ne5 Qc7 19. Rfb1 Bc6 20. Nxc6 Qxc6 21. Bf3 Ne4 22. Qc2 f5 23. Rb4 Rfc8 24. Qb2 Qa6 25. Bxe4 fxe4 26. Rxb5 Ra8 27. Rb6 Qa3 28. Rxe6 Qxb2 29.
g3 Qxb1+ 30. Kg2 Ra2 31. Rxe4 Qxe4+ 32. Kh3 Qf5+ 33. g4 Rxf2 34. gxf5 Rxf5 35. Kg4 g6 36. e4 Rf7 37. e5 Rd8 38. e6 Re7 39. Kf4 Rxe6 0

[Event "Torneo Nuevo Centro. Jornada 10"]
[Site "Chess.com"]
[Date "2020.08.21"]
[Round "6"]
[White "Gutierrez Marco, Dario"]
[Black "Orts Tomás, Marc"]
[Result "0-1"]
[WhiteElo "1824"]
[BlackElo "1861"]
[TimeControl "180+2"]
[EndTime "11:38:03 PDT"]
[Termination "Victoria de Rock-Bishop29 por abandono"]

1. e4 c5 2. Nc3 Nc6 3. Bb5 g6 4. Bxc6 dxc6 5. d3 e5 6. f4 Bg7 7. Nf3 Qc7 8. fxe5 Bg4 9. Bf4 Bxf3 10. Qxf3 Bxe5 11. O-O Bxf4 12. Qxf4 Qxf4 13. Rxf4 Ne7 14. Raf1 O-O 15. Nd1 f5 16. Nc3 Kg7 17. g3 Rae8 18. Kg2 Rd8 19. h4 c4 20. dxc4 Rd2+ 21. R1f2 Rd4 22. b3 Rfd8 23. e5 R4d7 24. Re2 Re8 25. Rf3 Nc8 26. Rd3 Rde7 27. Rde3 Nb6 28. Kf3 Nd7 29.
Kf4 Nc5 30. Na4 Ne6+ 31. Kf3 Nd4+ 32. Kf4 Nxe2+ 33. Rxe2 Rd8 34. Nc5 Rd4+ 35. Ke3 Rxe5+ 36. Kxd4 Rxe2 37. c3 b6 38. Nb7 Rxa2 39. Ke5 Rd2 40.
Nd6 Rd3 41. Nc8 Rxc3 42. Nxa7 Rxb3 43. Nxc6 Rxg3 44. Ne7 Rg4 45. Kd5 Rxh4 46. Nc8 f4 47. Nxb6 f3 48. Nd7 f2 0

[Event "Torneo Nuevo Centro. Jornada 10"]
[Site "Chess.com"]
[Date "2020.08.21"]
[Round "6"]
[White "Yatseta Fernandez, Marc Kazymyr"]
[Black "Pardo Ruiz, Carlos"]
[Result "1/2-1/2"]
[WhiteElo "1459"]
[BlackElo "1679"]
[TimeControl "180+2"]
[EndTime "11:38:05 PDT"]
[Termination "Tablas por repeticiÃ³n"]

1. d4 c5 2. c4 cxd4 3. Nf3 Nf6 4.
Nxd4 Nc6 5. e3 d6 6. Nc3 e5 7. Nf3 Be7 8. e4 O-O 9. Bd3 b6 10. Be3 Bb7 11. h3 Rc8 12. Nd5 Nxd5 13. cxd5 Nb4 14. Bb1 Na6 15. O-O Nc5 16. b4 Nd7 17. Bd3 Rc3 18. Qd2 Qc7 19. Rac1 Rc8 20. Rxc3 Qxc3 21.
Rc1 Qxd2 22. Rxc8+ Bxc8 23. Nxd2 Nb8 24. Kf1 Ba6 25. Ke2 Bxd3+ 26. Kxd3 Kf8 27. Kc4 Ke8 28. a4 Kd7 29. Nb3 Bd8 30. a5 Kc8 31. axb6 axb6 32.
Nd2 Nd7 33. Kb5 Kb7 34. Nc4 Bc7 35. f4 f6 36. g4 g6 37. h4 exf4 38. Bxf4 Ne5 39.
Nxe5 fxe5 40. Bg5 Kb8 41. Be7 Kb7 42. h5 gxh5 43. gxh5 Bb8 44. h6 Bc7 45. Bf8 Bb8 46. Be7 Bc7 47. Bf8 Bb8 48. Be7 1/2-1